 Dungeon Crawl Stone Soup version 0.23-a0-32-g1388f29 (webtiles) character file.

15 KyrpaJooseppi the Chiller (level 2, 0/19 HPs)
             Began as a Human Ice Elementalist on Aug 4, 2018.
             Succumbed to a kobold's poison
             ... on level 3 of the Dungeon.
             The game lasted 00:02:35 (588 turns).

KyrpaJooseppi the Chiller (Human Ice Elementalist)   Turns: 588, Time: 00:02:35

Health: 0/19       AC:  3    Str:  8    XL:     2   Next: 65%
Magic:  5/5        EV: 12    Int: 15    God:
Gold:   12         SH:  0    Dex: 13    Spells: 4/5 levels left

rFire    . . .     SeeInvis .   a - +0 falchion
rCold    . . .     Gourm    .   (no shield)
rNeg     . . .     Faith    .   h - +0 robe
rPois    .         Spirit   .   (no helmet)
rElec    .         Reflect  .   b - +0 cloak
rCorr    .         Harm     .   (no gloves)
MR       .....                  (no boots)
Stlth    ++........             (no amulet)
HPRegen  0.06/turn              (no ring)
MPRegen  0.09/turn              (no ring)

@: lethally poisoned (0 -> -11)
A: no striking features
a: no special abilities


You were on level 3 of the Dungeon.
You were not hungry.

You visited 1 branch of the dungeon, and saw 3 of its levels.

You collected 12 gold pieces.

Inventory:

Hand Weapons
 a - a +0 falchion (weapon)
Missiles
 d - 28 stones (quivered)
 e - 21 sling bullets
Armour
 b - a +0 cloak (worn)
 h - a +0 robe (worn)
Comestibles
 c - 3 rations
 f - 2 chunks of flesh


   Skills:
 - Level 2.0 Dodging
 - Level 2.0 Stealth
 - Level 2.0 Spellcasting
   Level 1.0 Conjurations
 + Level 3.8 Ice Magic


You had 4 spell levels left.
You knew the following spells:

 Your Spells              Type           Power        Failure   Level  Hunger
z - Freeze                Ice            ##..         4%          1    #......

Your spell library contained the following spells:

 Spells                   Type           Power        Failure   Level  Hunger
 Throw Frost              Conj/Ice       #.....       12%         2    ###....
 Summon Ice Beast         Ice/Summ       #.......     69%         4    #####..
 Ozocubu's Armour         Chrm/Ice       #.......     30%         3    ###....
 Throw Icicle             Conj/Ice       #.......     63%         4    #####..


Dungeon Overview and Level Annotations

Branches:
Dungeon (3/15)

Altars:


Message History

You feel sick. The rat bites you.
The kobold shoots a poisoned needle.
The poisoned needle closely misses you.
You feel sick. The rat bites you.
The kobold shoots a poisoned needle.
The poisoned needle closely misses you.
You see here 2 poisoned needles.
* * * LOW HITPOINT WARNING * * *
You feel sick. The rat completely misses you.
* * * LOW HITPOINT WARNING * * *
You feel sick.
Unknown command.
* * * LOW HITPOINT WARNING * * *
You feel sick.
* * * LOW HITPOINT WARNING * * *
You feel sick.
Some of the chunks of flesh in your inventory have rotted away.
* * * LOW HITPOINT WARNING * * *
You feel sick.
* * * LOW HITPOINT WARNING * * *
You feel sick.
You die...

#.# #.#####....
.......... ........
...#..#
.##########..#..# #
.............#..##.#
#########.......#.†...##
.......@.r.....K.(K.....
#########.##..#.#......#
#.##..#.#......#
#.###.#.#..##..#
#######.....#.#... .#
####...........#.#.#.# #
...............#.#.#.#
#. #...........#.#.#.#
....#...w..÷....#.# .


You could see a rat.

Vanquished Creatures
  An ooze (D:1)
  A leopard gecko (D:3)
  An orc (D:3)
  2 goblins (D:3)
  A frilled lizard (D:3)
  4 rats
10 creatures vanquished.

Notes
Turn   | Place    | Note
-------+----------+-------------------------------------------
     0 | D:1      | KyrpaJooseppi the Human Ice Elementalist began the quest for the Orb.
     0 | D:1      | Reached XP level 1. HP: 13/13 MP: 3/3
   211 | D:1      | Reached XP level 2. HP: 19/19 MP: 1/5
   294 | D:1      | You fall through a shaft!
   588 | D:3      | Succumbed to a kobold's poison

Vault maps used:
D:1:      dpeg_arrival_court
D:2:      lemuel_crystal_altar, overflow_temple_1_default,
          grunt_qazlal_sundering

Action                   || total
-------------------------++-------
Melee: Unarmed           ||     8
       Falchion          ||     7
Throw: Stone             ||     5
 Cast: Freeze            ||    14
  Use: Scroll            ||     1
 Stab: Sleeping          ||     1
Armor: Robe              ||     6
Dodge: Dodged            ||    23

Table legend:
 A = Spawn XP
 B = Non-spawn XP
 C = Spawn XP percentage of total XP
 D = Spawn monster count
 E = Non-spawn monster count
 F = Spawn count percentage of total count
 G = Total turns spent on level
                    A         B        C        D         E        F      G
               +---------+---------+-------+---------+---------+-------+---------
         Total |       0 |      22 |   0.0 |       0 |      10 |   0.0 |   588
               +---------+---------+-------+---------+---------+-------+---------
           D:1 |       0 |       9 |   0.0 |       0 |       3 |   0.0 |   294
           D:3 |       0 |      13 |   0.0 |       0 |       7 |   0.0 |   258
               +---------+---------+-------+---------+---------+-------+---------
